 Dungeon Crawl Stone Soup version 0.31-a0-175-g9f7f995f2b (webtiles) character file.

Game seed: 564144517122967800

870 qw the Chopper (level 8, -4/48 HPs)
             Began as a Gargoyle Fighter on June 17, 2023.
             Killed by divine providence
             ... invoked by an orc priest
              (15 damage)
             ... on level 5 of the Dungeon.
             The game lasted 00:01:45 (3576 turns).

qw the Chopper (Gargoyle Fighter)                   Turns: 3576, Time: 00:01:45

Health: -4/48      AC: 16    Str: 22    XL:     8   Next: 3%
Magic:  8/8        EV:  8    Int:  9    God:
Gold:   190        SH:  4    Dex: 13    Spells: 7/7 levels left

rFire   . . .        Y - +0 war axe
rCold   . . .        c - +0 buckler
rNeg    + . .        i - +0 chain mail
rPois   inf          (no helmet)
rElec   +            (no cloak)
rCorr   .            (no gloves)
SInv    .            l - +1 pair of boots of Atush {Rampage Drain rPois Dex+4}
Will    .....        (no amulet) Stlth
                     (no ring)
HPRegen 0.28/turn    (no ring)
MPRegen 0.11/turn

%: rampage
@: about to teleport
A: sickness immunity, AC +5, negative energy resistance 1, electricity
resistance, torment resistance 1, petrification resistance
a: no special abilities


You were on level 5 of the Dungeon.
You visited 1 branch of the dungeon, and saw 5 of its levels.

You collected 190 gold pieces.


Innate Abilities, Weirdness & Mutations

You are immune to sickness and miasma.
Your stone body is resilient. (AC +5)
You are immune to poison.
You resist negative energy. (rN+)
You are resistant to electric shocks. (rElec)
You are resistant to unholy torment.
You are immune to petrification.


   Skills:
 + Level 4.4 Fighting
 - Level 7.0 Axes
 - Level 2.2 Throwing
 - Level 3.2 Armour
 - Level 1.8 Dodging
 - Level 3.2 Shields


You had 7 spell levels left.
You didn't know any spells.
Your spell library was empty.

Inventory:

Hand Weapons
 b - a +0 mace
 e - the +6 mace "Istiesk" {flame, rF+ rC- Str+6}
   (You found it on level 5 of the Dungeon)

   Str:       It affects your strength (+6).
   rF:        It protects you from fire.
   rC:        It makes you vulnerable to cold.
 Y - a +0 war axe (weapon)
Missiles
 k - 2 boomerangs (quivered)
 m - a silver javelin
Armour
 c - a +0 buckler (worn)
 i - a +0 chain mail (worn)
 l - the +1 pair of boots of Atush (worn) {Rampage Drain rPois Dex+4}
   (You found it on level 3 of the Dungeon)

   Dex:       It affects your dexterity (+4).
   rPois:     It protects you from poison.
   Drain:     It drains your maximum health when unequipped.
   Rampage:   It bestows one free step when moving towards enemies.
Scrolls
 a - a scroll of teleportation
 f - a scroll of enchant armour
 h - 4 scrolls of identify
Potions
 d - a potion of might
 g - a potion of attraction

Dungeon Overview and Level Annotations

Branches:
Dungeon (5/15)
 Temple: D:4-7

Altars:
Cheibriados
Dithmenos
Yredelemnul

Annotations:
D:5 1 runed translucent door, Crazy Yiuf


Message History

The jelly is lightly wounded.
The jelly barely misses you.
You hit the jelly but do no damage.
Your hands burn!
The jelly is lightly wounded.
The jelly closely misses you.
You hit the jelly.
Your hands burn!
The jelly is lightly wounded.
The jelly closely misses you.
The orc priest invokes the aid of Beogh against you.
Beogh smites you!
You hit the jelly.
Your hands burn!
The jelly is heavily wounded.
The jelly hits you but does no damage.
You slash the jelly!
You kill the jelly!
You hit the orc priest.
The orc priest hits you but does no damage.
The orc closely misses you. You block the orc priest's attack.
You closely miss the orc priest.
The orc priest is lightly wounded.
You slash the orc!
The orc priest hits you but does no damage.
You block the orc's attack.
You barely miss the orc.
The orc is almost dead.
You hit the orc priest but do no damage.
The orc priest invokes the aid of Beogh against you.
Beogh smites you! The orc hits you but does no damage.
3575 ||| READING 2 scrolls of teleportation.
As you read the scroll of teleportation, it crumbles to dust.
You feel strangely unstable.
The orc priest hits you but does no damage.
You block the orc's attack.
You slash the orc!
You kill the orc!
You hit the orc priest but do no damage.
An orc comes into view. It is wielding a +0 hand axe.
The orc priest calls down the wrath of Beogh upon you.
Beogh smites you!
You die...

#). #..
oJ##### .o.o.#
..#o# #.#o#
##.###.#@#####
.......)..>..#
######.###.###
#. #.# ### #.
##.# #.(
..##..#
#.#####..##
#.#.....##
#.#.#####


You could see 2 orc priests and an orc.

Vanquished Creatures
  2 black bears
  An ogre (D:4)
  A bullfrog (D:4)
  3 scorpions
  3 hounds (D:5)
  A jelly (D:5)
  2 orc priests (D:5)
  A sleepcap (D:5)
  An orc wizard (D:5)
  5 adders
  2 dart slugs
  12 orcs
  9 ball pythons
  7 endoplasms
  6 giant cockroaches
  4 goblins
  7 hobgoblins
  10 jackals
  4 quokkas
  3 bats
  A frilled lizard (D:2)
  8 kobolds
  3 rats
96 creatures vanquished.

Notes
Turn   | Place    | Note
-------+----------+-------------------------------------------
     0 | D:1      | qw the Gargoyle Fighter began the quest for the Orb.
     0 | D:1      | Reached XP level 1. HP: 14/14 MP: 1/1
     0 | D:1      | 0 ||| qw: Version: 0.3-a-2-g5ab2908
     0 | D:1      | 0 ||| qw: Game counter: 244
     0 | D:1      | 0 ||| qw: Always use a shield: true
     0 | D:1      | 0 ||| qw: God list: Okawaru
     0 | D:1      | 0 ||| qw: Allow faded altars: false
     0 | D:1      | 0 ||| qw: Do Orc after D:15 true
     0 | D:1      | 0 ||| qw: Do second Lair branch before Depths: true
     0 | D:1      | 0 ||| qw: Lair rune preference: random
     0 | D:1      | 0 ||| qw: Plans: Normal, Zot:1-4, Slime:5, God:TSO, Crypt,
                  | Tomb, Abyss, Pan, Hells, Win
     0 | D:1      | 0 ||| PLANNING D:1-11
     7 | D:1      | 7 ||| Stepping ~*~*~tactically~*~*~ (stealth).
    19 | D:1      | Reached skill level 2 in Axes
    19 | D:1      | 19 ||| FLEEEEING.
    20 | D:1      | 20 ||| FLEEEEING.
   152 | D:1      | Reached XP level 2. HP: 16/19 MP: 2/2
   658 | D:1      | 658 ||| READING scroll labelled ARCHAC PIJOLUA.
   659 | D:1      | 659 ||| READING scroll labelled KUCHOYT FERA.
   678 | D:2      | Reached skill level 3 in Axes
   726 | D:2      | 726 ||| Stepping ~*~*~tactically~*~*~ (stealth).
   732 | D:2      | Reached XP level 3. HP: 23/23 MP: 3/3
  1054 | D:2      | 1054 ||| Stepping ~*~*~tactically~*~*~ (hiding).
  1176 | D:2      | Found a snail-covered altar of Cheibriados.
  1455 | D:2      | 1455 ||| READING 3 scrolls labelled GOINAJEIH.
  1458 | D:2      | 1458 ||| READING scroll labelled HEEDOV BOEF.
  1459 | D:2      | 1459 ||| READING scroll labelled ZUKLEG DUIWIY.
  1460 | D:2      | 1460 ||| DRINKING 2 metallic clear potions.
  1461 | D:2      | 1461 ||| READING 2 scrolls of identify.
  1461 | D:2      | 1461 ||| IDENTIFYING bubbling black potion
  1462 | D:2      | 1462 ||| DROPPING potion of berserk rage.
  1507 | D:3      | Found a faded altar of an unknown god.
  1580 | D:3      | Reached XP level 4. HP: 28/28 MP: 4/4
  1715 | D:3      | 1715 ||| Stepping ~*~*~tactically~*~*~ (stealth).
  1716 | D:3      | 1716 ||| Stepping ~*~*~tactically~*~*~ (stealth).
  1798 | D:3      | Reached skill level 4 in Axes
  1824 | D:3      | Identified the +1 pair of boots of Atush {Rampage Drain
                  | rPois Dex+4}
  1873 | D:3      | Identified the +9 trident "Toyjiakk" {speed, rPois Dex+3}
  2200 | D:3      | 2200 ||| UPGRADING to +0 chain mail.
  2210 | D:3      | 2210 ||| DROPPING +0 scale mail.
  2211 | D:3      | 2211 ||| UPGRADING to +1 pair of boots of Atush {Rampage
                  | Drain rPois Dex+4}.
  2216 | D:3      | 2216 ||| READING 2 scrolls labelled CYJUFI JOT GEP.
  2217 | D:3      | 2217 ||| DRINKING 2 viscous dark potions.
  2218 | D:3      | 2218 ||| DRINKING 2 brown potions.
  2219 | D:3      | 2219 ||| DROPPING scroll of vulnerability.
  2220 | D:3      | 2220 ||| DROPPING potion of brilliance.
  2258 | D:4      | Noticed a scorpion
  2263 | D:4      | Killed a scorpion
  2264 | D:4      | Reached skill level 1 in Dodging
  2264 | D:4      | Reached XP level 5. HP: 32/32 MP: 5/5
  2378 | D:4      | Reached skill level 1 in Throwing
  2412 | D:4      | 2412 ||| Stepping ~*~*~tactically~*~*~ (stealth).
  2413 | D:4      | 2413 ||| Stepping ~*~*~tactically~*~*~ (stealth).
  2527 | D:4      | Noticed a black bear
  2541 | D:4      | Killed a black bear
  2542 | D:4      | Reached XP level 6. HP: 24/37 MP: 6/6
  2632 | D:4      | Reached skill level 5 in Axes
  2782 | D:4      | Found a basalt altar of Yredelemnul.
  2788 | D:4      | 2788 ||| Stepping ~*~*~tactically~*~*~ (hiding).
  2790 | D:4      | 2790 ||| Stepping ~*~*~tactically~*~*~ (hiding).
  2817 | D:4      | 2817 ||| Stepping ~*~*~tactically~*~*~ (stealth).
  2818 | D:4      | 2818 ||| Stepping ~*~*~tactically~*~*~ (stealth).
  2819 | D:4      | 2819 ||| Stepping ~*~*~tactically~*~*~ (stealth).
  2827 | D:4      | 2827 ||| Stepping ~*~*~tactically~*~*~ (stealth).
  2830 | D:4      | 2830 ||| FLEEEEING.
  2831 | D:4      | 2831 ||| FLEEEEING.
  2832 | D:4      | 2832 ||| FLEEEEING.
  2833 | D:4      | 2833 ||| FLEEEEING.
  2834 | D:4      | 2834 ||| FLEEEEING.
  2835 | D:4      | 2835 ||| FLEEEEING.
  2836 | D:4      | 2836 ||| FLEEEEING.
  2843 | D:4      | Reached XP level 7. HP: 41/43 MP: 7/7
  3142 | D:4      | 3142 ||| READING scroll labelled NYRPHI JAXT.
  3143 | D:4      | 3143 ||| READING 2 scrolls labelled ESATAU EQEOCAODOY.
  3144 | D:4      | 3144 ||| READING scroll labelled YCUSUE KEASOPN.
  3158 | D:5      | Entered Level 5 of the Dungeon
  3168 | D:5      | Found a shadowy altar of Dithmenos.
  3256 | D:5      | Reached skill level 6 in Axes
  3284 | D:5      | Found a runed translucent door.
  3285 | D:5      | Noticed Crazy Yiuf
  3379 | D:5      | 3379 ||| Stepping ~*~*~tactically~*~*~ (stealth).
  3381 | D:5      | 3381 ||| Stepping ~*~*~tactically~*~*~ (stealth).
  3383 | D:5      | 3383 ||| Stepping ~*~*~tactically~*~*~ (stealth).
  3385 | D:5      | 3385 ||| Stepping ~*~*~tactically~*~*~ (hiding).
  3413 | D:5      | 3413 ||| FLEEEEING.
  3414 | D:5      | 3414 ||| FLEEEEING.
  3415 | D:5      | 3415 ||| FLEEEEING.
  3416 | D:5      | 3416 ||| FLEEEEING.
  3417 | D:5      | 3417 ||| FLEEEEING.
  3424 | D:5      | 3424 ||| DRINKING potion of curing.
  3424 | D:5      | 3424 ||| (to cure confusion)
  3436 | D:5      | Reached skill level 7 in Axes
  3503 | D:5      | 3503 ||| DROPPING +0 whip.
  3514 | D:5      | Identified the +6 mace "Istiesk" {flame, rF+ rC- Str+6}
  3559 | D:5      | 3559 ||| Stepping ~*~*~tactically~*~*~ (stealth).
  3561 | D:5      | 3561 ||| Stepping ~*~*~tactically~*~*~ (stealth).
  3563 | D:5      | 3563 ||| Stepping ~*~*~tactically~*~*~ (hiding).
  3568 | D:5      | Reached XP level 8. HP: 48/48 MP: 8/8
  3574 | D:5      | HP: 10/48 [orc priest/divine providence (16)]
  3575 | D:5      | 3575 ||| READING 2 scrolls of teleportation.
  3576 | D:5      | Killed from afar by an orc priest

Levels and vault maps discovered:
D:1:      minmay_arrival_shoal_huts, layout_loops_ring,
          nicolae_figureground_sparkle
D:2:      layout_basic, basic_altar, serial_curves, eino_curves_03,
          eino_curves_01, chequers_serial_rivers_large_a
D:3:      layout_loops_ring, hellmonk_ecumenical_altar_slurped_away
D:4:      layout_basic, mainiacjoe_overflow_tiny_flanked
D:5:      layout_basic, grunt_dithmenos_smoke_and_mirrors,
          uniq_crazy_yiuf_cottage

Skill      XL: |  1  2  3  4  5  6  7 |
---------------+----------------------+-----
Axes           | 2 3 4 5 7 |  7.0
Dodging        | 1 |  1.8
Throwing       | 1 2 |  2.2
Fighting       | 4 |  4.4
Armour         | |  3.2
Shields        | |  3.2

Action                     |  1- 3 |  4- 6 |  7- 9 || total
---------------------------+-------+-------+-------++-------
  Melee: War axe           |   110 |    90 |    81 ||   281
  Throw: Javelin           |       |    12 |     6 ||    18
         Boomerang         |       |     2 |    11 ||    13
    Use: Scroll            |     6 |     1 |     4 ||    11
         Potion            |     1 |     2 |     1 ||     4
 Armour: Scale mail        |    52 |    12 |       ||    64
         Chain mail        |       |    44 |    85 ||   129
  Dodge: Dodged            |    61 |    39 |    43 ||   143
  Block: Buckler           |    21 |    21 |    19 ||    61

Table legend:
 A = Non-vault XP
 B = Vault XP
 C = Vault XP percentage of total XP
 D = Non-vault monster count
 E = Vault monster count
 F = Vault count percentage of total count
                 A         B        C        D         E       F
            +---------+---------+-------+---------+---------+-------
      Total |    1244 |       2 |   0.2 |      95 |       1 |   1.0
            +---------+---------+-------+---------+---------+-------
        D:1 |      26 |       0 |   0.0 |      15 |       0 |   0.0
        D:2 |      43 |       0 |   0.0 |      17 |       0 |   0.0
        D:3 |      46 |       2 |   4.2 |      18 |       1 |   5.3
        D:4 |     535 |       0 |   0.0 |      23 |       0 |   0.0
        D:5 |     594 |       0 |   0.0 |      22 |       0 |   0.0
            +---------+---------+-------+---------+---------+-------
